[ PARTIDA AOE2 · #463599155 ]
Team RMBritanos vs Turks
[ ANÁLISIS DE REPETICIÓN · EXTRAÍDO DE LA PARTIDA GRABADA ]
Feudal
—
Castillos
—
Imperial
—
| APM promedio | 0.3 |
| APM pico | 9 |
| eAPM promedio | 0.3 |
| Aldeanos / militares | 0 / 0 |
Feudal
—
Castillos
—
Imperial
—
| APM promedio | 6.3 |
| APM pico | 23 |
| eAPM promedio | 5.4 |
| Aldeanos / militares | 45 / 21 |
Foco
⚔️ 25.3% · 🌾 74.7%
Scout Cavalry ×21
Feudal
—
Castillos
—
Imperial
—
| APM promedio | 17.7 |
| APM pico | 50 |
| eAPM promedio | 16.0 |
| Aldeanos / militares | 259 / 0 |
Foco
⚔️ 3.5% · 🌾 96.5%
Feudal
—
Castillos
—
Imperial
—
| APM promedio | 0.1 |
| APM pico | 3 |
| eAPM promedio | 0.1 |
| Aldeanos / militares | 0 / 0 |
Feudal
—
Castillos
—
Imperial
—
| APM promedio | 9.1 |
| APM pico | 23 |
| eAPM promedio | 7.8 |
| Aldeanos / militares | 64 / 37 |
Foco
⚔️ 22.7% · 🌾 77.3%
Knight ×37
Feudal
—
Castillos
—
Imperial
—
| APM promedio | 14.7 |
| APM pico | 35 |
| eAPM promedio | 9.5 |
| Aldeanos / militares | 48 / 22 |
Foco
⚔️ 16.0% · 🌾 84.0%
Janissary ×19 · Monk ×3
Mapa de la partida
Recursos al inicio + cada clic de construcción. Línea gruesa = muro · recuadro discontinuo = muro de casas detectado. 🟡 oro · ⚪ piedra · 🟢 bayas · 🔶 jabalí · ⭕ reliquia
Inputs por minuto
— LATEAFNICE - - juan#6894
Build order — LATEAFNICE
0 acciones detectadas en el replay
Build order — juan#6894
120 acciones detectadas en el replay
| 0:13 | Construir | House |
| 0:17 | Construir | House |
| 0:18 | Construir | House |
| 0:20 | Construir | House |
| 0:26 | Crear | Villager (Male) |
| 0:26 | Crear | Villager (Male) |
| 0:26 | Crear | Villager (Male) |
| 0:27 | Crear | Villager (Male) |
| 1:37 | Crear | Villager (Male) |
| 2:23 | Construir | Mill |
| 3:20 | Crear | Villager (Male) |
| 3:20 | Crear | Villager (Male) |
| 4:04 | Crear | Villager (Male) |
| 4:04 | Crear | Villager (Male) |
| 4:05 | Crear | Villager (Male) |
| 4:32 | Construir | Mill |
| 5:10 | Crear | Villager (Male) |
| 5:10 | Crear | Villager (Male) |
| 5:41 | Crear | Villager (Male) |
| 6:17 | Crear | Villager (Male) |
| 6:49 | Construir | Farm |
| 6:52 | Crear | Villager (Male) |
| 6:53 | Crear | Villager (Male) |
| 7:07 | Construir | Farm |
| 7:14 | Construir | Farm |
| 7:42 | Construir | Lumber Camp |
| 7:51 | Crear | Villager (Male) |
| 8:37 | Crear | Villager (Male) |
| 9:19 | Crear | Villager (Male) |
| 9:34 | Crear | Villager (Male) |
| 9:48 | Construir | Farm |
| 9:57 | Construir | House |
| 9:59 | Construir | House |
| 10:24 | Investigar | Feudal Age |
| 10:49 | Construir | Farm |
| 10:52 | Construir | Farm |
| 10:56 | Construir | Farm |
| 11:00 | Construir | Farm |
| 11:46 | Construir | Farm |
| 11:51 | Construir | Farm |
| 12:06 | Construir | House |
| 12:27 | Construir | Farm |
| 12:34 | Crear | Villager (Male) |
| 12:34 | Crear | Villager (Male) |
| 13:02 | Construir | Mining Camp |
| 13:09 | Crear | Villager (Male) |
| 13:11 | Crear | Villager (Male) |
| 13:12 | Crear | Villager (Male) |
| 13:16 | Crear | Villager (Male) |
| 13:30 | Investigar | Double-Bit Axe |
| 13:52 | Investigar | Horse Collar |
| 13:52 | Investigar | Horse Collar |
| 14:10 | Investigar | Wheelbarrow |
| 14:42 | Crear | Villager (Male) |
| 14:42 | Crear | Villager (Male) |
| 14:45 | Crear | Villager (Male) |
| 20:02 | Crear | Villager (Male) |
| 20:02 | Crear | Villager (Male) |
| 20:03 | Crear | Villager (Male) |
| 20:03 | Crear | Villager (Male) |
| 20:03 | Crear | Villager (Male) |
| 20:04 | Crear | Villager (Male) |
| 20:18 | Construir | Market |
| 21:25 | Construir | Barracks |
| 21:48 | Construir | Mining Camp |
| 21:51 | Crear | Villager (Male) |
| 21:52 | Crear | Villager (Male) |
| 21:52 | Crear | Villager (Male) |
| 21:52 | Crear | Villager (Male) |
| 22:04 | Investigar | Gold Mining |
| 22:04 | Investigar | Gold Mining |
| 22:39 | Construir | Stable |
| 22:48 | Construir | Stable |
| 23:04 | Construir | Farm |
| 23:09 | Construir | Farm |
| 23:18 | Investigar | Man-at-Arms (upgrade) |
| 23:36 | Crear | Villager (Male) |
| 23:36 | Crear | Villager (Male) |
| 23:36 | Crear | Villager (Male) |
| 23:36 | Crear | Villager (Male) |
| 23:36 | Crear | Villager (Male) |
| 23:37 | Crear | Villager (Male) |
| 23:49 | Investigar | Bloodlines |
| 23:59 | Investigar | Castle Age |
| 23:59 | Investigar | Castle Age |
| 24:06 | Investigar | Castle Age |
| 24:07 | Investigar | Castle Age |
| 24:26 | Construir | Archery Range |
| 24:32 | Construir | Stable |
| 24:36 | Crear | Scout Cavalry |
| 24:36 | Crear | Scout Cavalry |
| 24:37 | Crear | Scout Cavalry |
| 24:37 | Crear | Scout Cavalry |
| 24:37 | Crear | Scout Cavalry |
| 24:37 | Crear | Scout Cavalry |
| 24:37 | Crear | Scout Cavalry |
| 24:37 | Crear | Scout Cavalry |
| 24:55 | Construir | House |
| 24:58 | Construir | House |
| 25:04 | Construir | House |
| 25:05 | Construir | House |
| 25:06 | Construir | House |
| 25:07 | Construir | House |
| 25:09 | Construir | House |
| 25:53 | Crear | Scout Cavalry |
| 25:54 | Crear | Scout Cavalry |
| 25:54 | Crear | Scout Cavalry |
| 25:54 | Crear | Scout Cavalry |
| 26:06 | Crear | Scout Cavalry |
| 26:06 | Crear | Scout Cavalry |
| 26:06 | Crear | Scout Cavalry |
| 26:07 | Crear | Scout Cavalry |
| 26:07 | Crear | Scout Cavalry |
| 26:26 | Crear | Scout Cavalry |
| 26:27 | Crear | Scout Cavalry |
| 26:27 | Crear | Scout Cavalry |
| 26:27 | Crear | Scout Cavalry |
| 29:20 | Construir | Castle |
| 34:02 | Construir | Town Center |
| 34:46 | Construir | Mill |
Build order — jsch
Primeras 150 de 339 acciones detectadas
| 0:01 | Crear | Villager (Male) |
| 0:02 | Crear | Villager (Male) |
| 0:03 | Construir | House |
| 0:06 | Construir | House |
| 1:07 | Crear | Villager (Male) |
| 1:07 | Crear | Villager (Male) |
| 1:07 | Crear | Villager (Male) |
| 1:48 | Crear | Villager (Male) ×2 |
| 2:11 | Crear | Villager (Male) |
| 2:49 | Crear | Villager (Male) ×2 |
| 3:20 | Construir | Lumber Camp |
| 4:25 | Crear | Villager (Male) ×2 |
| 4:54 | Crear | Villager (Male) |
| 4:55 | Crear | Villager (Male) |
| 4:56 | Crear | Villager (Male) |
| 5:05 | Construir | House |
| 5:18 | Crear | Villager (Male) ×2 |
| 5:52 | Crear | Villager (Male) |
| 6:13 | Construir | Mining Camp |
| 7:17 | Crear | Villager (Male) |
| 7:17 | Investigar | Feudal Age |
| 7:20 | Investigar | Feudal Age |
| 8:21 | Construir | Mill |
| 8:46 | Construir | House |
| 9:33 | Investigar | Wheelbarrow |
| 9:35 | Investigar | Horse Collar |
| 9:54 | Investigar | Double-Bit Axe |
| 10:33 | Crear | Villager (Male) ×3 |
| 11:38 | Crear | Villager (Male) ×2 |
| 12:00 | Construir | Blacksmith |
| 12:14 | Construir | Market |
| 12:25 | Crear | Villager (Male) ×2 |
| 12:33 | Construir | House |
| 13:13 | Crear | Villager (Male) ×2 |
| 13:36 | Crear | Villager (Male) |
| 13:46 | Construir | Farm |
| 13:46 | Construir | Farm |
| 13:50 | Construir | Farm |
| 13:50 | Construir | Farm |
| 13:50 | Construir | Farm |
| 13:53 | Construir | Farm |
| 13:53 | Construir | Farm |
| 13:55 | Construir | Farm |
| 13:55 | Construir | Farm |
| 13:56 | Construir | Farm |
| 14:22 | Crear | Villager (Male) ×2 |
| 14:31 | Construir | Farm |
| 14:36 | Construir | Farm |
| 14:36 | Construir | Farm |
| 14:38 | Construir | Farm |
| 14:39 | Construir | Farm |
| 14:56 | Construir | House |
| 15:02 | Construir | Farm |
| 15:02 | Construir | Farm |
| 15:33 | Construir | Farm |
| 15:34 | Construir | Farm |
| 15:48 | Construir | Farm |
| 15:48 | Construir | Farm |
| 15:49 | Construir | Farm |
| 15:49 | Construir | Farm |
| 15:49 | Construir | Farm |
| 15:49 | Construir | Farm |
| 15:50 | Construir | Farm |
| 15:50 | Construir | Farm |
| 15:50 | Construir | Farm |
| 15:50 | Construir | Farm |
| 15:51 | Construir | Farm |
| 15:51 | Construir | Farm |
| 15:51 | Construir | Farm |
| 15:51 | Construir | Farm |
| 15:51 | Construir | Farm |
| 15:52 | Construir | Farm |
| 15:52 | Construir | Farm |
| 15:52 | Construir | Farm |
| 15:52 | Construir | Farm |
| 15:53 | Construir | Farm |
| 15:53 | Construir | Farm |
| 15:53 | Construir | Farm |
| 15:53 | Construir | Farm |
| 15:53 | Construir | Farm |
| 15:54 | Construir | Farm |
| 15:54 | Construir | Farm |
| 15:54 | Construir | Farm |
| 15:54 | Construir | Farm |
| 15:55 | Construir | Farm |
| 15:55 | Construir | Farm |
| 15:55 | Construir | Farm |
| 15:55 | Construir | Farm |
| 15:56 | Construir | Farm |
| 15:56 | Construir | Farm |
| 15:57 | Construir | Farm |
| 15:57 | Construir | Farm |
| 16:09 | Crear | Villager (Male) ×5 |
| 16:45 | Construir | Farm |
| 16:45 | Construir | Farm |
| 16:45 | Construir | Farm |
| 16:48 | Construir | Farm |
| 17:02 | Construir | House |
| 17:03 | Construir | House |
| 17:06 | Construir | House |
| 17:13 | Construir | House |
| 17:37 | Crear | Villager (Male) ×5 |
| 17:43 | Construir | Farm |
| 17:43 | Construir | Farm |
| 17:44 | Construir | Farm |
| 17:44 | Construir | Farm |
| 18:00 | Investigar | Castle Age |
| 18:19 | Construir | Mining Camp |
| 19:01 | Investigar | Stone Mining |
| 20:42 | Construir | Town Center |
| 20:48 | Construir | Town Center |
| 20:51 | Construir | Town Center |
| 20:56 | Construir | Town Center |
| 20:58 | Construir | Town Center |
| 21:07 | Construir | Town Center |
| 21:19 | Construir | Town Center |
| 21:24 | Construir | Town Center |
| 21:40 | Construir | Town Center |
| 22:01 | Crear | Villager (Male) |
| 22:04 | Crear | Villager (Male) |
| 22:15 | Crear | Villager (Male) |
| 22:35 | Crear | Villager (Male) |
| 22:40 | Construir | Farm |
| 22:40 | Construir | Farm |
| 22:40 | Construir | Farm |
| 22:42 | Construir | Farm |
| 22:54 | Construir | Farm |
| 23:10 | Crear | Villager (Male) |
| 23:10 | Crear | Villager (Male) |
| 23:11 | Crear | Villager (Male) |
| 23:11 | Crear | Villager (Male) |
| 23:11 | Crear | Villager (Male) |
| 23:24 | Construir | House |
| 23:25 | Construir | House |
| 23:26 | Construir | House |
| 23:27 | Construir | House |
| 23:41 | Crear | Villager (Male) ×4 |
| 23:42 | Crear | Villager (Male) ×4 |
| 23:42 | Crear | Villager (Male) |
| 23:48 | Crear | Villager (Male) ×2 |
| 23:49 | Crear | Villager (Male) |
| 23:50 | Crear | Villager (Male) |
| 23:56 | Construir | House |
| 23:57 | Construir | House |
| 23:58 | Construir | House |
| 24:05 | Crear | Villager (Male) ×3 |
| 24:05 | Crear | Villager (Male) ×3 |
| 24:36 | Construir | Farm |
| 24:37 | Construir | Farm |
| 24:37 | Construir | Farm |
Build order — Azteca Beleren
0 acciones detectadas en el replay
Build order — Dugstep1876
Primeras 150 de 174 acciones detectadas
| 0:06 | Construir | House |
| 0:09 | Construir | House |
| 0:11 | Crear | Villager (Male) |
| 0:12 | Crear | Villager (Male) |
| 0:12 | Crear | Villager (Male) |
| 0:12 | Crear | Villager (Male) |
| 0:13 | Crear | Villager (Male) |
| 2:00 | Construir | Lumber Camp |
| 2:02 | Crear | Villager (Male) |
| 2:36 | Crear | Villager (Male) |
| 2:51 | Crear | Villager (Male) |
| 3:21 | Crear | Villager (Male) |
| 3:35 | Crear | Villager (Male) |
| 4:28 | Construir | House |
| 4:30 | Construir | House |
| 4:35 | Crear | Villager (Male) |
| 5:02 | Crear | Villager (Male) |
| 5:03 | Crear | Villager (Male) |
| 5:12 | Construir | Mill |
| 6:08 | Crear | Villager (Male) |
| 6:09 | Crear | Villager (Male) |
| 6:49 | Crear | Villager (Male) |
| 7:21 | Crear | Villager (Male) |
| 7:21 | Crear | Villager (Male) |
| 7:33 | Construir | Mill |
| 7:46 | Crear | Villager (Male) |
| 8:10 | Crear | Villager (Male) |
| 8:32 | Crear | Villager (Male) |
| 8:50 | Construir | Lumber Camp |
| 8:57 | Crear | Villager (Male) |
| 9:51 | Crear | Villager (Male) |
| 10:23 | Crear | Villager (Male) |
| 10:25 | Crear | Villager (Male) |
| 10:50 | Crear | Villager (Male) |
| 11:07 | Construir | Barracks |
| 11:24 | Construir | Farm |
| 11:24 | Construir | Farm |
| 11:24 | Construir | Farm |
| 11:25 | Construir | Farm |
| 11:25 | Construir | Farm |
| 11:26 | Construir | Farm |
| 11:27 | Construir | Farm |
| 11:54 | Crear | Villager (Male) |
| 11:55 | Crear | Villager (Male) |
| 12:10 | Construir | Farm |
| 12:13 | Construir | Farm |
| 12:17 | Crear | Villager (Male) |
| 12:32 | Construir | Farm |
| 12:35 | Construir | Farm |
| 12:39 | Crear | Villager (Male) |
| 12:54 | Construir | Mining Camp |
| 13:16 | Crear | Villager (Male) |
| 13:29 | Investigar | Feudal Age |
| 14:02 | Construir | Farm |
| 14:03 | Construir | Farm |
| 14:16 | Construir | House |
| 14:18 | Construir | House |
| 14:20 | Construir | House |
| 14:46 | Construir | Mining Camp |
| 14:54 | Crear | Villager (Male) |
| 14:54 | Crear | Villager (Male) |
| 15:27 | Construir | Farm |
| 15:28 | Construir | Farm |
| 15:36 | Crear | Villager (Male) |
| 16:19 | Construir | Stable |
| 16:24 | Construir | Blacksmith |
| 16:27 | Crear | Villager (Male) |
| 16:57 | Construir | Mining Camp |
| 17:13 | Crear | Villager (Male) |
| 17:21 | Investigar | Horse Collar |
| 17:51 | Investigar | Castle Age |
| 17:58 | Investigar | Scale Barding Armor |
| 18:00 | Investigar | Forging |
| 18:07 | Construir | Stable |
| 18:15 | Investigar | Gold Mining |
| 18:34 | Construir | House |
| 18:37 | Construir | House |
| 18:39 | Construir | House |
| 18:41 | Construir | House |
| 19:21 | Investigar | Bloodlines |
| 19:25 | Crear | Villager (Male) |
| 19:26 | Crear | Villager (Male) |
| 19:51 | Construir | Stable |
| 20:37 | Crear | Villager (Male) |
| 20:59 | Investigar | Iron Casting |
| 21:05 | Crear | Knight |
| 21:06 | Crear | Knight |
| 21:06 | Crear | Knight |
| 21:07 | Crear | Knight |
| 21:07 | Crear | Knight |
| 21:07 | Crear | Knight |
| 21:08 | Crear | Knight |
| 21:08 | Crear | Knight |
| 21:09 | Crear | Knight |
| 21:09 | Crear | Knight |
| 21:09 | Crear | Knight |
| 21:10 | Crear | Knight |
| 21:10 | Crear | Knight |
| 21:10 | Crear | Knight |
| 21:11 | Crear | Knight |
| 21:11 | Crear | Knight |
| 21:17 | Crear | Villager (Male) |
| 21:30 | Construir | Farm |
| 21:55 | Construir | Farm |
| 21:59 | Crear | Villager (Male) |
| 22:20 | Investigar | Chain Barding Armor |
| 22:28 | Crear | Knight |
| 22:33 | Crear | Villager (Male) |
| 22:41 | Construir | Farm |
| 22:47 | Construir | Farm |
| 22:50 | Crear | Villager (Male) |
| 22:55 | Construir | House |
| 22:57 | Construir | House |
| 22:59 | Construir | House |
| 23:00 | Construir | House |
| 23:08 | Construir | Farm |
| 23:26 | Crear | Villager (Male) |
| 23:31 | Construir | Farm |
| 23:35 | Crear | Villager (Male) |
| 24:03 | Crear | Knight |
| 24:03 | Crear | Knight |
| 24:19 | Crear | Villager (Male) |
| 24:27 | Construir | Farm |
| 24:29 | Construir | Farm |
| 24:32 | Crear | Villager (Male) |
| 24:45 | Construir | Mill |
| 25:02 | Investigar | Husbandry |
| 25:25 | Crear | Villager (Male) |
| 25:30 | Construir | Farm |
| 25:30 | Construir | Farm |
| 25:52 | Crear | Villager (Male) |
| 25:56 | Construir | Farm |
| 25:57 | Construir | Farm |
| 26:04 | Crear | Villager (Male) |
| 26:21 | Crear | Knight |
| 26:21 | Crear | Knight |
| 26:22 | Crear | Knight |
| 26:22 | Crear | Knight |
| 26:23 | Crear | Knight |
| 27:13 | Crear | Knight |
| 27:13 | Crear | Knight |
| 27:14 | Crear | Knight |
| 27:15 | Crear | Knight |
| 27:16 | Crear | Knight |
| 28:10 | Crear | Knight |
| 28:11 | Crear | Knight |
| 28:11 | Crear | Knight |
| 28:11 | Crear | Knight |
| 28:17 | Crear | Villager (Male) |
| 28:17 | Crear | Villager (Male) |
Build order — tuncaydemir
Primeras 150 de 165 acciones detectadas
| 0:05 | Crear | Villager (Male) |
| 0:05 | Crear | Villager (Male) |
| 0:06 | Crear | Villager (Male) |
| 0:18 | Construir | House |
| 0:27 | Crear | Villager (Male) |
| 0:27 | Crear | Villager (Male) |
| 0:29 | Investigar | Loom |
| 0:45 | Construir | House |
| 0:47 | Construir | House |
| 0:49 | Construir | House |
| 1:52 | Crear | Villager (Male) |
| 2:14 | Construir | Lumber Camp |
| 2:21 | Crear | Villager (Male) |
| 2:21 | Crear | Villager (Male) |
| 3:05 | Crear | Villager (Male) |
| 3:05 | Crear | Villager (Male) |
| 3:37 | Crear | Villager (Male) |
| 4:44 | Crear | Villager (Male) |
| 4:44 | Crear | Villager (Male) |
| 4:44 | Crear | Villager (Male) |
| 4:56 | Crear | Villager (Male) |
| 4:56 | Crear | Villager (Male) |
| 5:19 | Crear | Villager (Male) |
| 6:09 | Construir | Mill |
| 6:13 | Crear | Villager (Male) |
| 6:14 | Crear | Villager (Male) |
| 6:14 | Crear | Villager (Male) |
| 6:35 | Crear | Villager (Male) |
| 7:14 | Construir | Mining Camp |
| 7:31 | Crear | Villager (Male) |
| 7:31 | Crear | Villager (Male) |
| 7:31 | Crear | Villager (Male) |
| 8:27 | Crear | Villager (Male) |
| 8:34 | Crear | Villager (Male) |
| 8:48 | Construir | House |
| 9:25 | Construir | Mining Camp |
| 9:28 | Crear | Villager (Male) |
| 9:28 | Crear | Villager (Male) |
| 9:28 | Crear | Villager (Male) |
| 10:05 | Construir | Mill |
| 10:08 | Crear | Villager (Male) |
| 10:37 | Crear | Villager (Male) |
| 11:22 | Investigar | Feudal Age |
| 11:38 | Construir | Mill |
| 13:07 | Crear | Villager (Male) |
| 13:07 | Crear | Villager (Male) |
| 13:21 | Construir | House |
| 13:37 | Construir | Farm |
| 13:39 | Construir | Farm |
| 13:41 | Construir | Farm |
| 14:20 | Construir | Blacksmith |
| 14:30 | Construir | Market |
| 14:34 | Investigar | Town Watch |
| 14:41 | Crear | Villager (Male) |
| 14:41 | Crear | Villager (Male) |
| 14:58 | Investigar | Horse Collar |
| 15:03 | Crear | Villager (Male) |
| 15:09 | Construir | House |
| 15:21 | Investigar | Double-Bit Axe |
| 15:33 | Crear | Villager (Male) |
| 15:51 | Construir | House |
| 15:55 | Crear | Villager (Male) |
| 16:48 | Investigar | Castle Age |
| 17:00 | Construir | Farm |
| 17:52 | Construir | Farm |
| 17:53 | Construir | Farm |
| 17:55 | Construir | Farm |
| 17:57 | Construir | Farm |
| 18:05 | Construir | Farm |
| 18:31 | Investigar | Forging |
| 18:56 | Construir | Mill |
| 19:35 | Crear | Villager (Male) |
| 19:36 | Crear | Villager (Male) |
| 19:36 | Crear | Villager (Male) |
| 19:42 | Investigar | Bow Saw |
| 19:58 | Construir | Monastery |
| 20:02 | Crear | Villager (Male) |
| 20:26 | Construir | University |
| 20:30 | Crear | Villager (Male) |
| 20:57 | Investigar | Iron Casting |
| 21:04 | Crear | Villager (Male) |
| 21:05 | Crear | Villager (Male) |
| 21:15 | Crear | Monk |
| 21:15 | Crear | Monk |
| 21:15 | Crear | Monk |
| 21:40 | Crear | Villager (Male) |
| 21:40 | Crear | Villager (Male) |
| 22:00 | Investigar | Heavy Plow |
| 22:29 | Crear | Villager (Male) |
| 22:34 | Investigar | Fervor |
| 22:56 | Construir | Mill |
| 23:15 | Construir | House |
| 23:15 | Construir | House |
| 23:16 | Construir | House |
| 23:16 | Construir | House |
| 23:17 | Construir | House |
| 23:18 | Construir | House |
| 23:18 | Construir | House |
| 23:18 | Construir | House |
| 23:19 | Construir | House |
| 23:19 | Construir | House |
| 23:19 | Construir | House |
| 23:21 | Construir | House |
| 23:21 | Construir | House |
| 23:22 | Construir | House |
| 23:22 | Construir | House |
| 25:23 | Investigar | Imperial Age |
| 25:57 | Construir | Castle |
| 26:06 | Investigar | Ballistics |
| 26:09 | Investigar | Fletching |
| 26:24 | Investigar | Fortified Wall (upgrade) |
| 27:04 | Investigar | Padded Archer Armor |
| 27:04 | Investigar | Padded Archer Armor |
| 27:57 | Investigar | Bodkin Arrow |
| 28:31 | Crear | Janissary |
| 28:31 | Crear | Janissary |
| 28:31 | Crear | Janissary |
| 28:32 | Crear | Janissary |
| 29:12 | Crear | Janissary |
| 29:12 | Crear | Janissary |
| 29:13 | Crear | Janissary |
| 29:43 | Crear | Janissary |
| 29:44 | Crear | Janissary |
| 29:44 | Crear | Janissary |
| 29:44 | Crear | Janissary |
| 30:02 | Crear | Janissary |
| 30:03 | Crear | Janissary |
| 30:31 | Crear | Janissary |
| 30:32 | Crear | Janissary |
| 30:32 | Crear | Janissary |
| 30:57 | Investigar | Leather Archer Armor |
| 31:14 | Construir | Farm |
| 31:15 | Construir | Farm |
| 31:17 | Construir | Farm |
| 31:18 | Construir | Farm |
| 31:19 | Construir | Farm |
| 31:21 | Construir | Farm |
| 31:22 | Construir | Farm |
| 31:25 | Construir | Farm |
| 31:27 | Construir | Farm |
| 31:29 | Construir | Farm |
| 31:38 | Crear | Janissary |
| 31:38 | Crear | Janissary |
| 31:39 | Crear | Janissary |
| 32:09 | Construir | Town Center |
| 32:42 | Construir | Farm |
| 32:44 | Construir | Farm |
| 32:47 | Construir | Farm |
| 32:49 | Construir | Farm |
| 32:50 | Construir | Farm |
Cronología de la partida
| 0:01 | LATEAFNICE · resign |
| 11:07 | Dugstep1876 · first_building Barracks |
| 16:19 | Dugstep1876 · first_building Stable |
| 19:58 | tuncaydemir · first_building Monastery |
| 21:11 | jsch · first_market_buy 100 stone |
| 21:25 | juan#6894 · first_building Barracks |
| 21:29 | jsch · first_market_sell 100 wood |
| 22:39 | juan#6894 · first_building Stable |
| 24:26 | juan#6894 · first_building Archery Range |
| 25:57 | tuncaydemir · first_building Castle |
| 26:02 | juan#6894 · first_market_buy 100 food |
| 29:20 | juan#6894 · first_building Castle |
| 30:40 | Dugstep1876 · first_building Siege Workshop |
| 34:17 | jsch · first_building Monastery |
[ ANÁLISIS IA · 1 CRÉDITO ]
¿Qué pasó realmente en esta partida?
Wolo.gg analiza cada decisión: build order, eco, micro, errores típicos por bracket. Análisis personalizado por WhatsApp o Discord en 30 segundos.
Guía civ
Britanos
Guía mapa
Arena
Perfil
LATEAFNICE